 Dungeon Crawl Stone Soup version 0.29.0-4-gdea44cf6ec (webtiles) character file.

Game seed: 9666493679820620089

124 qw the Chopper (level 5, 0/30 HPs)
             Began as a Tengu Warper on Aug 29, 2022.
             Slain by Ijyb
             ... wielding a +0 dagger
              (4 damage)
             ... on level 3 of the Dungeon.
             The game lasted 00:00:53 (2716 turns).

qw the Chopper (Tengu Warper)                       Turns: 2716, Time: 00:00:54

Health: 0/30       AC:  8    Str: 13    XL:     5   Next: 8%
Magic:  9/9        EV:  4    Int: 14    God:
Gold:   159        SH:  0    Dex: 13    Spells: 8/8 levels left

rFire   . . .      SeeInvis .   Y - +0 hand axe
rCold   . . .      Faith    .   (no shield)
rNeg    + . .      Spirit   .   n - +0 chain mail
rPois   .          Reflect  .   (helmet restricted)
rElec   .          Harm     .   (no cloak)
rCorr   .          Rampage  .   (no gloves)
Will    .....                   (boots unavailable)
Stlth   ..........              (no amulet)
HPRegen 0.10/turn               i - ring of positive energy
MPRegen 0.11/turn               (no ring)

@: about to teleport, grasped by roots, flying quickly and evasively,
constricted, quick
A: beak, talons 3, nimble flight
a: no special abilities


You were on level 3 of the Dungeon.
You visited 1 branch of the dungeon, and saw 3 of its levels.

You collected 159 gold pieces.


Innate Abilities, Weirdness & Mutations

You have a beak for a mouth.
You have claws for feet.
Your magical nature lets you fly swiftly and evasively.


   Skills:
 - Level 2.0 Fighting
 + Level 5.6 Axes
 - Level 1.0 Throwing
 - Level 1.1 Armour
 - Level 2.1 Dodging
 - Level 2.0 Spellcasting
 - Level 2.4 Translocations


You had 8 spell levels left.
You didn't know any spells.
Your spell library contained the following spells:

 Spells                   Type           Power      Damage    Failure   Level
 Blink                    Tloc           16%        N/A       99%         2
 Gell's Gravitas          Tloc           8%         N/A       100%        3
 Lesser Beckoning         Tloc           8%         N/A       100%        3
 Teleport Other           Tloc           8%         N/A       100%        3
 Manifold Assault         Tloc           8%         N/A       100%        5

Inventory:

Hand Weapons
 c - a +0 whip
 Y - a +0 hand axe (weapon)
Missiles
 d - 2 javelins (quivered)
Armour
 n - a +0 chain mail (worn)
Jewellery
 i - a ring of positive energy (left hand)
Scrolls
 e - 2 scrolls of teleportation
 j - a scroll of identify
Potions
 a - a potion of mutation
 f - a potion of cancellation {unknown}
 l - a potion of curing

Dungeon Overview and Level Annotations

Branches:
Dungeon (3/15)

Altars:
Ru

Annotations:
D:3 Ijyb


Message History

You now have 159 gold pieces (gained 5).
Items here: %%% )).
Things that are here:
a +0 sling; a goblin corpse
There is an open door here.
You reach down and open the large door. 2 goblins come into view.
The goblin shouts!
You hear a shout!
Ijyb the Twisted Goblin comes into view.
She is wielding a +0 dagger and carrying a wand of roots (3).
There is a large open door here.
Ijyb zaps a wand.
The roots erupt in riotous growth!
The goblin is unaffected. x2
The grasping roots grab you! The grasping roots constrict you.
You hit the goblin.
The goblin is severely wounded.
You completely miss the goblin. The grasping roots constrict you!
The goblin hits you but does no damage.
You hit the goblin.
You kill the goblin!
You hit the goblin.
You kill the goblin!
The grasping roots constrict you.
You escape the roots grasp.
Ijyb barely misses you.
You hit Ijyb but do no damage. You claw Ijyb, but do no damage.
Ijyb hits you but does no damage.
You hit Ijyb.
Ijyb is moderately wounded.
Ijyb zaps a wand.
The roots erupt in riotous growth!
The grasping roots grab you!
Ijyb is unaffected.
The grasping roots constrict you!
You hit Ijyb but do no damage. You claw Ijyb, but do no damage.
Your peck misses Ijyb.
Ijyb is moderately wounded.
Ijyb hits you with a +0 dagger. The grasping roots constrict you.
2716 ||| READING 3 scrolls of teleportation.
As you read the scroll of teleportation, it crumbles to dust.
You feel strangely unstable. Ijyb hits you with a +0 dagger.
You die...

# ~~..## ##~~..#
#### #~~~. +
'..##+## ##~~~
#..#...#
#~~#########).#...#
#~~#..........#...#
...'..........#...#
...%...)......#.g.#
...'..........#.@)#
#~~#..........#)..#
.~~#########).##''#
##~~~..#...#......#
#~~~..'...'......#
##~~..#...#......#
################


You could see Ijyb.

Vanquished Creatures
  Robin (D:2)
  A gnoll (D:1)
  3 adders (D:2)
  4 bats (D:1)
  8 endoplasms
  A giant cockroach (D:2)
  17 goblins
  6 hobgoblins
  6 jackals
  5 kobolds
  2 quokkas
  7 ball pythons
  4 frilled lizards
  A rat (D:1)
66 creatures vanquished.

Notes
Turn   | Place    | Note
-------+----------+-------------------------------------------
     0 | D:1      | qw the Tengu Warper began the quest for the Orb.
     0 | D:1      | Reached XP level 1. HP: 12/12 MP: 4/4
     0 | D:1      | 0 ||| qw: Version: 0.1-a-89-g26bdef1
     0 | D:1      | 0 ||| qw: Game counter: 3461
     0 | D:1      | 0 ||| qw: Always use a shield: true
     0 | D:1      | 0 ||| qw: God list: Okawaru
     0 | D:1      | 0 ||| qw: Allow faded altars: false
     0 | D:1      | 0 ||| qw: Do Orc after D:15 true
     0 | D:1      | 0 ||| qw: Do second Lair branch before Depths: true
     0 | D:1      | 0 ||| qw: Lair rune preference: random
     0 | D:1      | 0 ||| qw: Plans: Normal
     0 | D:1      | 0 ||| PLANNING D:1-11
   183 | D:1      | Reached skill level 3 in Axes
   183 | D:1      | Reached XP level 2. HP: 17/17 MP: 6/6
   474 | D:1      | 474 ||| Stepping ~*~*~tactically~*~*~ (stealth).
   477 | D:1      | 477 ||| Stepping ~*~*~tactically~*~*~ (stealth).
   479 | D:1      | 479 ||| Stepping ~*~*~tactically~*~*~ (stealth).
   482 | D:1      | 482 ||| Stepping ~*~*~tactically~*~*~ (stealth).
   484 | D:1      | 484 ||| Stepping ~*~*~tactically~*~*~ (stealth).
   692 | D:1      | Found a faded altar of an unknown god.
   695 | D:1      | 695 ||| Stepping ~*~*~tactically~*~*~ (stealth).
   698 | D:1      | Reached XP level 3. HP: 21/21 MP: 7/7
   827 | D:1      | Reached skill level 4 in Axes
  1124 | D:1      | 1124 ||| UPGRADING to +0 ring mail.
  1134 | D:1      | 1134 ||| DROPPING +0 leather armour.
  1135 | D:1      | 1135 ||| UPGRADING to +0 chain mail.
  1145 | D:1      | 1145 ||| DROPPING +0 ring mail.
  1146 | D:1      | 1146 ||| UPGRADING to ring of positive energy.
  1147 | D:1      | 1147 ||| READING scroll labelled WIULU BULIM.
  1148 | D:1      | 1148 ||| READING scroll labelled NUEDWY RESHAN.
  1153 | D:1      | 1153 ||| READING 2 scrolls labelled FUM NIEGHE UTZ.
  1154 | D:1      | 1154 ||| READING scroll labelled ORI VAGGIH.
  1155 | D:1      | 1155 ||| READING scroll labelled FAUHEA TU CUMM.
  1156 | D:1      | 1156 ||| DROPPING scroll of blinking.
  1299 | D:2      | 1299 ||| DROPPING +0 club.
  1307 | D:2      | 1307 ||| Stepping ~*~*~tactically~*~*~ (stealth).
  1312 | D:2      | 1312 ||| Stepping ~*~*~tactically~*~*~ (stealth).
  1436 | D:2      | Reached XP level 4. HP: 16/26 MP: 8/8
  1617 | D:2      | 1617 ||| FLEEEEING.
  1618 | D:2      | 1618 ||| FLEEEEING.
  1619 | D:2      | 1619 ||| FLEEEEING.
  1620 | D:2      | 1620 ||| FLEEEEING.
  1621 | D:2      | 1621 ||| FLEEEEING.
  1622 | D:2      | 1622 ||| FLEEEEING.
  1623 | D:2      | 1623 ||| FLEEEEING.
  1624 | D:2      | 1624 ||| FLEEEEING.
  1625 | D:2      | 1625 ||| FLEEEEING.
  1626 | D:2      | 1626 ||| FLEEEEING.
  1627 | D:2      | 1627 ||| FLEEEEING.
  1628 | D:2      | 1628 ||| FLEEEEING.
  1629 | D:2      | 1629 ||| FLEEEEING.
  1630 | D:2      | 1630 ||| FLEEEEING.
  1631 | D:2      | 1631 ||| FLEEEEING.
  1632 | D:2      | 1632 ||| FLEEEEING.
  1633 | D:2      | 1633 ||| FLEEEEING.
  1634 | D:2      | 1634 ||| FLEEEEING.
  1636 | D:2      | 1636 ||| FLEEEEING.
  1637 | D:2      | 1637 ||| FLEEEEING.
  1638 | D:2      | 1638 ||| FLEEEEING.
  1639 | D:2      | 1639 ||| STAIRDANCE
  1714 | D:1      | 1714 ||| READING scroll labelled BOPNUS EWNOR.
  1815 | D:1      | 1815 ||| READING scroll labelled FACAMP JOXEUFO.
  1866 | D:2      | Noticed Robin
  1870 | D:2      | Killed Robin
  1871 | D:2      | Reached skill level 5 in Axes
  1875 | D:2      | 1875 ||| FLEEEEING.
  1876 | D:2      | 1876 ||| FLEEEEING.
  1877 | D:2      | 1877 ||| FLEEEEING.
  1879 | D:2      | 1879 ||| FLEEEEING.
  1882 | D:2      | 1882 ||| FLEEEEING.
  1883 | D:2      | 1883 ||| FLEEEEING.
  1884 | D:2      | 1884 ||| FLEEEEING.
  1885 | D:2      | 1885 ||| FLEEEEING.
  1886 | D:2      | 1886 ||| FLEEEEING.
  1999 | D:2      | 1999 ||| FLEEEEING.
  2189 | D:2      | Found a sacrificial altar of Ru.
  2258 | D:2      | 2258 ||| Stepping ~*~*~tactically~*~*~ (stealth).
  2571 | D:2      | 2571 ||| READING scroll labelled CEMIDAI VUYCEA.
  2572 | D:2      | 2572 ||| DRINKING 2 white potions.
  2573 | D:2      | 2573 ||| READING 2 scrolls of identify.
  2573 | D:2      | 2573 ||| IDENTIFYING viscous coppery potion
  2643 | D:3      | Gained mutation: Your magical nature lets you fly swiftly
                  | and evasively. [Tengu growth]
  2643 | D:3      | Reached XP level 5. HP: 30/30 MP: 9/9
  2658 | D:3      | 2658 ||| Stepping ~*~*~tactically~*~*~ (hiding).
  2707 | D:3      | Noticed Ijyb
  2715 | D:3      | HP: 4/30 [constriction (5)]
  2716 | D:3      | 2716 ||| READING 3 scrolls of teleportation.
  2716 | D:3      | Slain by Ijyb

Levels and vault maps discovered:
D:1:      dpeg_arrival_stone_temple_mockup, layout_loops_ring,
          nicolae_ecumenical_snake_handling, corner_web_ring
D:2:      layout_loops_corners, basic_altar, minmay_pentomino_q4, uniq_robin
D:3:      kennysheep_goblin_castle, layout_loops_corners,
          mainiacjoe_overflow_brackets, hex_medium, minmay_statues_item

Skill      XL: |  1  2  3  4 |
---------------+-------------+-----
Axes           | 3 4 5 |  5.6
Fighting       | |  2.0
Throwing       | |  1.0
Armour         | |  1.1
Dodging        | |  2.1
Spellcasting   | |  2.0
Translocations | |  2.4

Action                   |  1- 3 |  4- 6 || total
-------------------------+-------+-------++-------
Melee: Hand axe          |    75 |    55 ||   130
       Kick              |    18 |    15 ||    33
       Peck              |     9 |     7 ||    16
       Punch             |     2 |       ||     2
Throw: Boomerang         |     7 |       ||     7
       Javelin           |       |     7 ||     7
  Use: Scroll            |     5 |     5 ||    10
       Potion            |       |     1 ||     1
Armor: Leather armour    |    10 |       ||    10
       Chain mail        |    16 |    29 ||    45
Dodge: Dodged            |    21 |    13 ||    34

Table legend:
 A = Non-vault XP
 B = Vault XP
 C = Vault XP percentage of total XP
 D = Non-vault monster count
 E = Vault monster count
 F = Vault count percentage of total count
                 A         B        C        D         E       F
            +---------+---------+-------+---------+---------+-------
      Total |     112 |      66 |  37.1 |      38 |      28 |  42.4
            +---------+---------+-------+---------+---------+-------
        D:1 |      52 |       5 |   8.8 |      23 |       3 |  11.5
        D:2 |      56 |      42 |  42.9 |      13 |      15 |  53.6
        D:3 |       4 |      19 |  82.6 |       2 |      10 |  83.3
            +---------+---------+-------+---------+---------+-------
